 Dungeon Crawl Stone Soup version 0.27.1-33-g824d729ab1 (webtiles) character file.

Game seed: 898449236401154773

2398 halfoni the Cleaver (level 9, -2/69 HPs)
             Began as a Human Berserker on Dec 18, 2021.
             Was a Priest of Trog.
             Slain by an orc warrior (6 damage)
             ... on level 6 of the Dungeon.
             The game lasted 00:12:40 (8732 turns).

halfoni the Cleaver (Human Berserker)               Turns: 8732, Time: 00:12:40

Health: -2/69      AC: 22    Str: 21    XL:     9   Next: 75%
Magic:  0/9        EV:  9    Int:  7    God:    Trog [***...]
Gold:   271        SH:  0    Dex: 13    Spells: 8/8 levels left

rFire    . . .     SeeInvis .   a - +0 hand axe
rCold    . . .     Faith    .   (no shield)
rNeg     . . .     Spirit   +   s - +0 chain mail
rPois    .         Reflect  .   h - +0 helmet
rElec    .         Harm     .   j - +2 cloak
rCorr    .         Rampage  .   e - +2 pair of gloves
Will     .....                  (no boots)
Stlth    ..........             i - amulet of guardian spirit
HPRegen  0.21/turn              p - +4 ring of protection
MPRegen  0.11/turn              (no ring)

@: on berserk cooldown, slowed, very slow
A: no striking features
a: Renounce Religion, Berserk, Trog's Hand


You were on level 6 of the Dungeon.
You worshipped Trog.
Trog was most pleased with you.
You visited 1 branch of the dungeon, and saw 7 of its levels.
You also visited: Ossuary.

You collected 271 gold pieces.

Inventory:

Hand Weapons
 a - a +0 hand axe (weapon)
 k - a +2 mace of protection
 m - a +2 vorpal spear
Armour
 e - a +2 pair of gloves (worn)
 h - a +0 helmet (worn)
 j - a +2 cloak (worn)
 s - a +0 chain mail (worn)
Jewellery
 i - an amulet of guardian spirit (around neck)
 p - a +4 ring of protection (left hand)
 D - an amulet of magic regeneration
Wands
 n - a wand of iceblast (10)
 B - a wand of polymorph (7)
Scrolls
 c - 9 scrolls of identify
 d - a scroll of amnesia
 f - 4 scrolls of teleportation
 l - 3 scrolls of enchant armour
 w - a scroll of fog
 y - a scroll of acquirement {unknown}
 A - a scroll of summoning {unknown}
 C - a scroll of blinking {unknown}
Potions
 b - 9 potions of degeneration
 g - 3 potions of heal wounds {unknown}
 o - a potion of flight {unknown}
 q - 4 potions of might {unknown}
 r - a potion of haste {unknown}
 t - a potion of ambrosia {unknown}
 u - a potion of invisibility {unknown}
 v - a potion of curing {unknown}
 x - a potion of brilliance {unknown}
 z - a potion of attraction {unknown}


   Skills:
 + Level 5.7 Fighting
 + Level 8.8 Axes
 * Level 7.3 Armour
 + Level 3.9 Dodging
 - Level 0.5 Stealth


You had 8 spell levels left.
You didn't know any spells.
Your spell library was empty.

Dungeon Overview and Level Annotations

Branches:
Dungeon (7/15)             Temple (0/1) D:5         Ossuary (visited)

Altars:

Shops:
D:5 :

Annotations:
D:5 2 runed translucent doors, Baconl0rd's ghost, novice DsFi


Message History

The orc warrior hits you with a +0 flail!
Your chain mail prevents you from hitting the orc warrior.
The orc warrior is lightly wounded.
The orc warrior barely misses you.
You closely miss the orc warrior.
The orc warrior is lightly wounded.
The orc warrior hits you but does no damage.
You closely miss the orc warrior.
The orc warrior is lightly wounded.
The orc warrior hits you with a +0 flail.
The orc warrior hits you but does no damage.
You barely miss the orc warrior.
The orc warrior is lightly wounded.
The orc warrior hits you with a +0 flail!
You hit the orc warrior.
The orc warrior is lightly wounded.
The orc warrior closely misses you.
You slash the orc warrior!
The orc warrior is heavily wounded.
The orc warrior hits you with a +0 flail!
* * * LOW HITPOINT WARNING * * *
You barely miss the orc warrior.
The orc warrior is heavily wounded.
The orc warrior hits you with a +0 flail!
* * * LOW HITPOINT WARNING * * *
The orc warrior closely misses you.
You hit the orc warrior but do no damage.
The orc warrior is heavily wounded.
The orc warrior closely misses you.
You hit the orc warrior.
The orc warrior is heavily wounded.
The orc warrior hits you but does no damage.
You hit the orc warrior.
The orc warrior is severely wounded.
The orc warrior hits you with a +0 flail.
* * * LOW HITPOINT WARNING * * *
You hit the orc warrior.
The orc warrior is almost dead.
The orc warrior hits you with a +0 flail!
You die...

......#####...##.# #.........# ##
......# #.#.##.###.........# #.
....#######......(.))........###.
..#.#.....#....#.###...........#.
..#.#.....#..#.#.# #...........#.
..#.#.....#..#.#.# ####....#...#.
..#.#.....#..#...######....#####.
###.....<.#......................
###....[##.##o@####.#....#####.
#.....##....>..........# ##
###############.#.###### #.#.#
#.#.# #.#.# #.#.# #.#.# #.#.#


You could see an orc warrior.

Vanquished Creatures
  Prince Ribbit (D:5)
  Eustachio (D:6)
  2 water moccasins (D:6)
  2 sky beasts (D:6)
  A necrophage (D:6)
  3 ogres
  2 centaurs
  3 phantoms
  A bullfrog (D:3)
  2 scorpions (D:6)
  2 howler monkeys (D:6)
  2 centaur zombies
  7 hounds
  Crazy Yiuf (D:2)
  2 bullfrog skeletons (D:5)
  A centaur skeleton (D:4)
  A jelly (D:5)
  An orc priest (D:5)
  An iguana (D:5)
  An orc wizard (D:7)
  3 mummies (Ossuary)
  5 adders
  A gnoll (D:1)
  2 ufetubi
  An adder skeleton (D:4)
  A dart slug (D:3)
  14 orcs
  7 ball pythons
  4 endoplasms
  4 giant cockroaches
  6 goblins
  8 hobgoblins
  7 jackals
  7 quokkas
  5 bats
  2 frilled lizards
  A gnoll zombie (Ossuary)
  2 goblin zombies (Ossuary)
  3 hobgoblin zombies (Ossuary)
  5 kobolds
  An orc zombie (Ossuary)
  3 rats
129 creatures vanquished.

Vanquished Creatures (others)
  5 plants (D:2)
5 creatures vanquished.

Grand Total: 134 creatures vanquished

Notes
Turn   | Place    | Note
-------+----------+-------------------------------------------
     0 | D:1      | halfoni the Human Berserker began the quest for the Orb.
     0 | D:1      | Reached XP level 1. HP: 18/18 MP: 1/1
   304 | D:1      | Reached XP level 2. HP: 16/24 MP: 2/2
  1160 | D:1      | Reached XP level 3. HP: 25/29 MP: 3/3
  1705 | D:2      | Found a faded altar of an unknown god.
  1932 | D:2      | Reached XP level 4. HP: 33/37 MP: 4/4
  2001 | D:2      | Found a runed translucent door.
  2002 | D:2      | Noticed Crazy Yiuf
  2010 | D:2      | Killed Crazy Yiuf
  2985 | D:3      | Reached skill level 4 in Axes
  2985 | D:3      | Reached XP level 5. HP: 42/42 MP: 5/5
  3020 | D:3      | Reached ** piety under Trog
  3411 | D:3      | Noticed a phantom
  3432 | D:3      | Killed a phantom
  3994 | D:3      | Noticed a bullfrog
  4013 | D:3      | Killed a bullfrog
  4014 | D:3      | Reached XP level 6. HP: 20/48 MP: 1/6
  4923 | D:4      | Reached XP level 7. HP: 54/54 MP: 4/7
  5151 | D:4      | Reached skill level 5 in Axes
  5491 | D:5      | Entered Level 5 of the Dungeon
  5875 | D:5      | Reached skill level 5 in Armour
  5878 | D:5      | Found a runed translucent door.
  5884 | D:5      | Noticed Baconl0rd's ghost (novice DsFi)
  5920 | D:5      | Noticed Prince Ribbit
  5936 | D:5      | Killed Prince Ribbit
  5937 | D:5      | Reached XP level 8. HP: 61/61 MP: 5/8
  6049 | D:5      | Reached *** piety under Trog
  6068 | D:5      | Reached skill level 6 in Axes
  6219 | D:5      | Found a runed translucent door.
  6521 | D:5      | Found a staircase to the Ecumenical Temple.
  6578 | D:5      | Found Jaot's Book Shop.
  6883 | D:6      | Reached skill level 7 in Axes
  6941 | D:6      | Reached skill level 5 in Fighting
  6941 | D:6      | Reached XP level 9. HP: 68/68 MP: 9/9
  6991 | D:6      | Found a sand-covered staircase.
  7005 | Ossuary  | Entered an ossuary
  7529 | D:6      | Noticed Eustachio
  7543 | D:6      | Killed Eustachio
  7544 | D:6      | Reached skill level 8 in Axes
  8732 | D:6      | Slain by an orc warrior

Illustrated notes

Levels and vault maps discovered:
D:1:      lemuel_arrival_room, layout_basic, amethyst_killhole
D:2:      layout_rooms, shapermc_ecumenical_altar_mp_highgroup,
          chequers_big_river, uniq_crazy_yiuf_cottage
D:3:      layout_basic, hangedman_abyss_or_decor_stabs, grunt_ministairs_6
D:4:      layout_loops_corners
D:5:      layout_loops_ring, minmay_temple_entry_fiery, serial_shops,
          nicolae_inconvenience_store, ebering_ghost_sewer_f,
          kennysheep_generic_room_3, uniq_prince_ribbit1
D:6:      layout_basic, nicolae_ossuary_entry_monument, uniq_eustachio
D:7:      minmay_chambers_of_fours, layout_cave_pools, minmay_gold_behind_fungi,
          kennysheep_generic_room_7

Skill      XL: |  1  2  3  4  5  6  7  8  9 |
---------------+----------------------------+-----
Axes           | 4 5 7 8 |  8.8
Armour         | 3 4 5 6 7 |  7.3
Fighting       | 4 5 |  5.7
Dodging        | 3 |  3.9
Stealth        | |  0.5

Action                   |  1- 3 |  4- 6 |  7- 9 || total
-------------------------+-------+-------+-------++-------
Melee: Hand axe          |    92 |   164 |   420 ||   676
Invok: Berserk           |     2 |     7 |    13 ||    22
  Use: Scroll            |       |       |     8 ||     8
 Stab: Sleeping          |     2 |       |       ||     2
Armor: Animal skin       |    16 |       |       ||    16
       Ring mail         |     7 |    75 |    76 ||   158
       Leather armour    |     1 |       |       ||     1
       Chain mail        |       |       |   186 ||   186
Dodge: Dodged            |    60 |   109 |   193 ||   362
